 Dungeon Crawl Stone Soup version 0.18.1-48-g4cf74bf (webtiles) character file.

824 Gargoyl the Skirmisher (level 7, -8/56 HPs)
             Began as a Demonspawn Abyssal Knight on Aug 4, 2016.
             Was an Elder of Lugonu.
             Mangled by an ogre
             ... wielding a +0 giant club
              (14 damage)
             ... on level 4 of the Dungeon.
             The game lasted 00:07:46 (4118 turns).

Gargoyl the Skirmisher (Demonspawn Abyssal Knight)  Turns: 4118, Time: 00:07:46

Health: -8/56      AC: 14    Str: 14    XL:     7   Next: 64%
Magic:  0/9        EV:  4    Int: 13    God:    Lugonu [****..]
Gold:   203        SH:  0    Dex: 13    Spells: 0 memorised, 6 levels left

rFire  . . .     SeeInvis .     h - +0 broad axe
rCold  . . .     Gourm    .     n - +0 plate armour
rNeg   . . .     Faith    .     (no shield)
rPois  .         Spirit   +     (helmet restricted)
rElec  .         Dismiss  .     e - +0 cloak
rCorr  .         Reflect  .     k - +0 pair of gloves
SustAt +         Harm     .     (no boots)
MR     .....                    (no amulet)
Stlth  ..........               l - ring of stealth (curse)
                                d - ring of sustain attributes

@: not resistant to hostile enchantments, extremely unstealthy
A: antennae 1, claws 1, talons 1, magic shield
a: Depart the Abyss, Bend Space, Banish, Corrupt, Renounce Religion


You were on level 4 of the Dungeon.
You worshipped Lugonu.
Lugonu was greatly pleased with you.
You were hungry.

You visited 1 branch of the dungeon, and saw 4 of its levels.
You visited the Abyss 1 time.

You collected 203 gold pieces.

Inventory:

Hand Weapons
 h - a +0 broad axe (weapon)
Armour
 e - a +0 cloak (worn)
 k - a +0 pair of gloves (worn)
 n - a +0 plate armour (worn)
Jewellery
 d - a ring of sustain attributes (left hand)
 l - a cursed ring of stealth (right hand)
Scrolls
 b - a scroll of fear {unknown}
 f - 2 scrolls of teleportation
 g - 2 scrolls of identify {unknown}
 j - 4 scrolls of enchant armour {unknown}
 o - a scroll of fog {unknown}
Comestibles
 c - 4 bread rations
 m - 4 meat rations


   Skills:
 + Level 5.3 Fighting
 + Level 4.1 Axes
 * Level 5.0 Armour
 + Level 2.0 Dodging
 + Level 0.4 Stealth
 + Level 3.7 Invocations


You had 6 spell levels left.
You didn't know any spells.

Dungeon Overview and Level Annotations

Branches:
Dungeon (4/15)
 Temple: D:4-7

Altars:
Ashenzari


Innate Abilities, Weirdness & Mutations

You have a pair of small antennae on your head.
You have sharp fingernails.
You have sharp toenails.
When hurt, damage is shared between your health and your magic reserves.


Message History

The giant gecko bites you but does no damage.
The ogre hits you with a giant club.
Your plate armour prevents you from hitting the ogre.
The ogre is lightly wounded.
You hit the giant gecko.
The giant gecko is moderately wounded.
The giant gecko bites you but does no damage.
The ogre hits you with a giant club.
The giant gecko bites you but does no damage.
You slash the ogre! Your kick misses the ogre.
The ogre is moderately wounded.
The ogre hits you with a giant club!!
* * * LOW HITPOINT WARNING * * *
You slash the ogre! You claw the ogre, but do no damage.
The ogre is almost dead.
The ogre closely misses you.
You closely miss the ogre.
The ogre is almost dead.
The ogre hits you with a giant club!
You die...

...#####...# #.##.. #.....)...%
.#.......# #....#####....[..#. .#
#.# #.#..#...#......=#. .# #.#
#.##.#[..'..._...'. .####)####
###.#..#...#.......#.
..[.<....####......#..##.......##
#####.#.......####....#....$....#
#.##.##########...#⌠.$#+##.⌠#
#.##.#......@Ol...####...###.
#.##.#.#######.).....#...#...
#.##.#.# #...............
#.##.#.#######...#...##+##.##
#.##.#...........##........#
#.......######.#.##.....####
####.....# #....######## ###.#.#
#.###.# #.#.# #. #.#


You could see an ogre and a giant gecko.

Vanquished Creatures
  The ghost of aves the Chopper, an amateur VSFi (D:3)
  An eye of draining (Abyss:1)
  An ogre (D:4)
  Blork the orc (D:4)
  2 scorpions (D:4)
  An orc priest (D:3)
  2 giant frog skeletons (D:4)
  2 orc wizards (D:4)
  Natasha (twice) (D:3)
  A hound skeleton (D:4)
  A howler monkey skeleton (D:4)
  An ooze (D:2)
  2 dart slugs
  8 giant geckos
  34 orcs
  A ball python (D:4)
  7 giant cockroaches
  2 hobgoblins
  6 jackals
  4 quokkas
  7 bats
  5 giant newts
  5 goblins
  2 kobolds (D:1)
  25 rats
124 creatures vanquished.

Vanquished Creatures (others)
  A worker ant (D:3)
1 creature vanquished.

Grand Total: 125 creatures vanquished

Notes
Turn   | Place    | Note
--------------------------------------------------------------
     0 | Abyss:1  | Gargoyl the Demonspawn Abyssal Knight began the quest for the Orb.
     0 | Abyss:1  | Reached XP level 1. HP: 18/18 MP: 2/2
    18 | Abyss:1  | Found a corrupted altar of Lugonu.
   153 | Abyss:1  | Noticed an eye of draining
   166 | Abyss:1  | Noticed a giant orange brain
   169 | Abyss:1  | Noticed a large abomination
   171 | Abyss:1  | Noticed an orange demon
   171 | Abyss:1  | Killed an eye of draining
   171 | Abyss:1  | Gained mutation: You have a pair of small antennae on your head. [demonic ancestry]
   171 | Abyss:1  | Reached XP level 2. HP: 25/25 MP: 0/4
   171 | Abyss:1  | Gained mutation: You have sharp toenails. [demonic ancestry]
   171 | Abyss:1  | Reached XP level 3. HP: 30/30 MP: 0/5
   171 | Abyss:1  | Reached XP level 4. HP: 37/37 MP: 0/6
   177 | D:1      | Escaped the Abyss
   439 | D:1      | Reached * piety under Lugonu
   821 | D:2      | Reached skill level 1 in Dodging
  1104 | D:2      | Reached ** piety under Lugonu
  1129 | D:2      | Gained mutation: When hurt, damage is shared between your health and your magic reserves. [demonic ancestry]
  1129 | D:2      | Reached XP level 5. HP: 37/42 MP: 7/7
  1529 | D:3      | Noticed Natasha
  1543 | D:3      | Reached *** piety under Lugonu
  1545 | D:3      | Killed Natasha
  1846 | D:3      | Noticed aves's ghost (amateur VSFi)
  1882 | D:3      | Killed aves's ghost
  1882 | D:3      | Reached XP level 6. HP: 49/49 MP: 5/8
  2156 | D:3      | Noticed Natasha
  2163 | D:3      | Killed Natasha
  2530 | D:4      | Noticed Blork the orc
  2547 | D:4      | Killed Blork the orc
  3011 | D:4      | Reached skill level 5 in Fighting
  3011 | D:4      | Gained mutation: You have sharp fingernails. [demonic ancestry]
  3011 | D:4      | Reached XP level 7. HP: 28/56 MP: 6/9
  3705 | D:4      | Reached **** piety under Lugonu
  3789 | D:4      | Found a shattered altar of Ashenzari.
  4001 | D:4      | Reached skill level 5 in Armour
  4118 | D:4      | Mangled by an ogre

Skill      XL: |  1  2  3  4  5  6  7 |
---------------+----------------------+-----
Fighting       | 4 5 |  5.3
Axes           | 2 3 4 |  4.1
Armour         | 2 3 4 5 |  5.0
Invocations    | 3 |  3.7
Dodging        | 1 2 |  2.0
Stealth        | |  0.4

Action                   |  1- 3 |  4- 6 |  7- 9 || total
-------------------------+-------+-------+-------++-------
Melee: Hand axe          |    16 |   325 |       ||   341
       Kick              |       |    76 |    43 ||   119
       Broad axe         |       |    19 |   125 ||   144
Invok: Depart the Abyss  |       |     1 |       ||     1
       Banish            |       |     1 |       ||     1
  Use: Potion            |       |     4 |       ||     4
       Scroll            |       |     1 |       ||     1
  Eat: Chunk             |       |     7 |     4 ||    11
Armor: Chain mail        |       |   205 |       ||   205
       Ring mail         |       |    11 |       ||    11
       Skin              |       |    28 |       ||    28
       Plate armour      |       |    92 |   107 ||   199
Dodge: Dodged            |       |   164 |    33 ||   197
